Senators vs Penguins

Created - October 28, 2023 at 22:00

Goals
1 2 3 T
Senators 2 1 2 5
Penguins 1 0 1 2
Shots
1 2 3 T
Senators 7 9 12 28
Penguins 14 8 13 35

1st period

1. Senators , Phil Kessel 1 (Graeme Clarke 1, Riley Stillman 1) at 6:04 (PP)
2. Penguins , Nicklas Backstrom 3 (Brenden Dillon 4, Devon Toews 4) at 10:05 (PP)
3. Senators , Brady Tkachuk 5 (Ondrej Kase 2) at 15:40

Penalties :
Artem Zub (PIT) for Boarding (Minor) at 1:24, Taylor Raddysh (PIT) for Interference (Minor) at 5:03, Riley Stillman (OTT) for Holding (Minor) at 9:33, Brady Tkachuk (OTT) for Hooking (Minor) at 11:34, Calle Jarnkrok (OTT) for Charging (Minor) at 12:46, Marc Staal (OTT) for Boarding (Minor) at 18:26

2nd period

4. Senators , Brady Tkachuk 6 (Corey Perry 3, Jason Robertson 3) at 18:30 (PP)

Penalties :
Jamie Drysdale (OTT) for Interference (Minor) at 3:17, Cory Conacher (PIT) for Elbowing (Minor) at 16:57, Logan Stanley (PIT) for Tripping (Minor) at 18:33

3rd period

5. Penguins , Nico Hischier 4 (Jakub Zboril 1, Kyle Palmieri 1) at 2:18
6. Senators , Marc Staal 1 (Phil Kessel 3, Calle Jarnkrok 2) at 16:25
7. Senators , Erik Johnson 1 (Jason Robertson 4, Corey Perry 4) at 18:55 (PP)

Penalties :
Erik Johnson (OTT) for Boarding (Minor) at 6:31, Austin Watson (PIT) for Hooking (Minor) at 10:37, Jason Zucker (PIT) for Hooking (Minor) at 18:35

Goalie Stats

Mitchell Weeks (OTT), 33 saves from 35 shots - (0.943), W, 1-1-0, 60:00 minutes
Jordan Binnington (PIT), 23 saves from 28 shots - (0.821), L, 1-6-1, 60:00 minutes

Players Stats for Senators

Player Name              G  A  P  +/- PIM S  H  SB GA TA FO     MP     PP MP  PK MP  
------------------------------------------------------------------------------------
Alex Barre-Boulet        0  0  0   1  0   0  0  0  0  0  1/1     8:47   0:00   0:11 
Brady Tkachuk            2  0  2   1  2   5  2  1  0  0  18/23  24:17   4:35   5:02 
Calle Jarnkrok           0  1  1   1  2   1  1  0  0  0  0/1    19:25   4:16   2:02 
Corey Perry              0  2  2  -1  0   5  3  0  0  0  2/10   16:36   4:35   0:06 
Erik Johnson             1  0  1   2  2   1  0  0  0  0  0/0    23:37   4:33   3:42 
Evgeni Dadonov           0  0  0  -1  0   2  2  0  0  0  1/7    14:17   0:00   1:36 
Gerald Mayhew            0  0  0  -1  0   0  0  0  0  0  11/23  12:41   0:00   0:00 
Graeme Clarke            0  1  1   1  0   0  3  0  0  0  15/27  17:26   4:16   0:03 
Jamie Drysdale           0  0  0  -1  2   0  0  0  0  0  0/0    14:15   0:20   2:07 
Jason Robertson          0  2  2   0  0   4  0  0  0  0  0/1    17:53   4:35   6:13 
Marc Staal               1  0  1   2  2   2  2  2  0  0  0/0    23:52   5:16   3:25 
Mathieu Olivier          0  0  0   0  0   0  0  0  0  0  0/0     1:09   0:00   0:00 
Michael McCarron         0  0  0   0  0   0  0  0  0  0  5/10    8:38   0:00   0:56 
Ondrej Kase              0  1  1   1  0   4  0  0  0  0  1/1     8:36   0:00   0:00 
Phil Kessel              1  1  2   1  0   3  1  0  0  0  1/2    19:52   4:16   2:29 
Riley Stillman           0  1  1   0  2   1  1  1  0  0  0/0    22:12   3:15   4:30 
Will Butcher             0  0  0  -1  0   0  1  1  0  0  0/0    13:16   1:03   0:35 
Zach Whitecloud          0  0  0   0  0   0  4  3  0  0  0/0    22:38   3:15   4:55 

Players Stats for Penguins

Player Name              G  A  P  +/- PIM S  H  SB GA TA FO     MP     PP MP  PK MP  
------------------------------------------------------------------------------------
Artem Zub                0  0  0   0  2   0  5  2  0  0  0/0    18:47   4:02   2:32 
Austin Watson            0  0  0   0  2   0  5  1  0  0  1/2    13:07   0:00   0:00 
Brenden Dillon           0  1  1  -1  0   1  8  1  0  0  0/0    27:05   5:38   4:57 
Cory Conacher            0  0  0   0  2   1  1  0  0  0  4/11    8:02   0:00   0:00 
Daniel Torgersson        0  0  0   0  0   0  0  0  0  0  1/1     8:03   0:00   0:00 
Denis Malgin             0  0  0   0  0   2  0  0  0  0  0/0    13:28   0:00   0:20 
Devon Toews              0  1  1  -1  0   1  2  2  0  0  0/0    19:42   5:38   4:57 
Jakub Zboril             0  1  1   0  0   0  1  0  0  0  0/0     8:01   0:00   0:38 
Jason Zucker             0  0  0   0  2   2  6  0  0  0  1/1    16:18   5:49   2:25 
Juuso Valimaki           0  0  0   0  0   0  0  0  0  0  0/0    13:23   0:00   0:38 
Kyle Palmieri            0  1  1   0  0   6  1  0  0  0  1/2    15:38   5:49   2:25 
Logan Stanley            0  0  0   0  2   0  4  1  0  0  0/0    13:28   0:00   0:44 
Nicklas Backstrom        1  0  1  -1  0   6  5  0  0  0  12/28  23:02   3:51   6:17 
Nico Hischier            1  0  1   0  0   8  0  0  0  0  22/36  26:42   5:49   6:15 
Nicolas Hague            0  0  0   0  0   1  1  2  0  0  0/0    19:32   4:02   3:16 
Quinton Byfield          0  0  0  -1  0   0  2  0  0  0  1/2    13:00   0:00   0:00 
Ryan Donato              0  0  0   0  0   4  1  0  0  0  8/23   17:01   3:51   0:00 
Taylor Raddysh           0  0  0  -1  2   3  1  0  0  0  0/0    16:44   3:51   0:00 

3 Stars

1 - Brady Tkachuk (OTT)
2 - Phil Kessel (OTT)
3 - Marc Staal (OTT)

Power Play

Senators - 3 on 6 Attempt(s) - 50.00%
Penguins - 1 on 6 Attempt(s) - 16.67%

Penalty Kill

Senators - 5 on 6 Attempt(s) - 83.33% - Score 0 goal in Penalty Kill
Penguins - 3 on 6 Attempt(s) - 50.00% - Score 0 goal in Penalty Kill

Team Stat

Senators - Hits : 20 - Faceoff Wins : 55 - Blocked Shots : 8 - Penalty Minutes : 12
Penguins - Hits : 43 - Faceoff Wins : 51 - Blocked Shots : 9 - Penalty Minutes : 12

Official

Referees : Chris Schlenker and Michael Markovic
Linesman : Derek Nansen and Ryan Galloway

Game Notes

No Game Note

Finance

Level 1 -- Attendance: 6000 (100.00%) -- Ticket Income $780,000
Level 2 -- Attendance: 5000 (100.00%) -- Ticket Income $225,000
Level 3 -- Attendance: 2000 (100.00%) -- Ticket Income $80,000
Level 4 -- Attendance: 4000 (100.00%) -- Ticket Income $140,000
Luxury Box -- Attendance: 1000 (100.00%) -- Ticket Income $100,000
Game was played at the Consol Energy Center.
Total Attendance: 18000 (100.00%)
Total Ticket Income: $1,325,000
Other Income: $649,250
Total Income: $1,974,250

Senators

5 vs 5 Forward 
   Center                   Left Wing                Right Wing               Time % Phy DF OF 
 1 Michael McCarron         Brady Tkachuk            Jason Robertson          25     1   2  2  
 2 Graeme Clarke            Calle Jarnkrok           Phil Kessel              25     1   2  2  
 3 Gerald Mayhew            Evgeni Dadonov           Corey Perry              25     1   2  2  
 4 Brady Tkachuk            Alex Barre-Boulet        Ondrej Kase              25     1   2  2  

5 vs 5 Defense 
   Defense                  Defense                                           Time % Phy DF OF 
 1 Erik Johnson             Marc Staal                                        25     1   2  2  
 2 Zach Whitecloud          Riley Stillman                                    25     1   2  2  
 3 Will Butcher             Jamie Drysdale                                    25     1   2  2  
 4 Erik Johnson             Marc Staal                                        25     1   2  2  

PowerPlay Forward 
   Center                   Left Wing                Right Wing               Time % Phy DF OF 
 1 Corey Perry              Brady Tkachuk            Jason Robertson          60     1   2  2  
 2 Graeme Clarke            Calle Jarnkrok           Phil Kessel              40     1   2  2  

PowerPlay Defense
   Defense                  Defense                                           Time % Phy DF OF 
 1 Erik Johnson             Marc Staal                                        60     1   2  2  
 2 Zach Whitecloud          Riley Stillman                                    40     1   2  2  

Penalty Kill 4 Players Forward 
   Center                   Wing                     Time % Phy DF OF 
 1 Brady Tkachuk            Jason Robertson          60     1   2  2  
 2 Calle Jarnkrok           Phil Kessel              40     1   2  2  

Penalty Kill 4 Players Defense
   Defense                  Defense                  Time % Phy DF OF 
 1 Erik Johnson             Marc Staal               60     1   2  2  
 2 Zach Whitecloud          Riley Stillman           40     1   2  2  

Penalty Kill - 3 Players Forward 
   Forward                                           Time % Phy DF OF 
 1 Brady Tkachuk                                     60     1   2  2  
 2 Jason Robertson                                   40     1   2  2  

Penalty Kill - 3 Players Defense
   Defense                  Defense                  Time % Phy DF OF 
 1 Erik Johnson             Marc Staal               60     1   2  2  
 2 Zach Whitecloud          Riley Stillman           40     1   2  2  

4 vs 4 Forward 
   Center                   Wing                     Time % Phy DF OF 
 1 Brady Tkachuk            Jason Robertson          60     1   2  2  
 2 Calle Jarnkrok           Phil Kessel              40     1   2  2  

4 vs 4 Defense
   Defense                  Defense                  Time % Phy DF OF 
 1 Erik Johnson             Marc Staal               60     1   2  2  
 2 Zach Whitecloud          Riley Stillman           40     1   2  2  

Last Minutes Offensive
   Center                   Left Wing                Right Wing               Defense                  Defense                  
   Michael McCarron         Brady Tkachuk            Jason Robertson          Erik Johnson             Marc Staal               

Last Minutes Defensive
   Center                   Left Wing                Right Wing               Defense                  Defense                  
   Michael McCarron         Brady Tkachuk            Jason Robertson          Erik Johnson             Marc Staal               

Goaltenders
Starting : Mitchell Weeks           
Backup : Jonas Johansson          

Extra Forwards
Normal : Mathieu Olivier, Corey Perry, Evgeni Dadonov - PP : Mathieu Olivier, Corey Perry - PK : Evgeni Dadonov
Extra Defensemen
Normal : Will Butcher, Jamie Drysdale, Zach Whitecloud - PP : Will Butcher - PK : Jamie Drysdale, Zach Whitecloud
Penalty Shots
Brady Tkachuk, Jason Robertson, Calle Jarnkrok, Phil Kessel, Corey Perry
Custom OT Lines Forwards
Brady Tkachuk, Jason Robertson, Calle Jarnkrok, Phil Kessel, Corey Perry, Evgeni Dadonov, Ondrej Kase, Alex Barre-Boulet, Michael McCarron, Graeme Clarke
Custom OT Lines Defensemen
Erik Johnson, Marc Staal, Zach Whitecloud, Riley Stillman, Will Butcher

Scratches
Nick Ritchie (Healthy), Peter Abbandonato (Healthy), Griffin Luce (Healthy), Jean-Francois Berube (Healthy)

Penguins

5 vs 5 Forward 
   Center                   Left Wing                Right Wing               Time % Phy DF OF 
 1 Nico Hischier            Kyle Palmieri            Jason Zucker             25     1   2  2  
 2 Nicklas Backstrom        Quinton Byfield          Taylor Raddysh           25     1   2  2  
 3 Ryan Donato              Austin Watson            Denis Malgin             25     1   2  2  
 4 Cory Conacher            Daniel Torgersson        Nico Hischier            25     1   2  2  

5 vs 5 Defense 
   Defense                  Defense                                           Time % Phy DF OF 
 1 Brenden Dillon           Devon Toews                                       25     1   2  2  
 2 Artem Zub                Nicolas Hague                                     25     1   2  2  
 3 Juuso Valimaki           Logan Stanley                                     25     1   2  2  
 4 Jakub Zboril             Brenden Dillon                                    25     1   2  2  

PowerPlay Forward 
   Center                   Left Wing                Right Wing               Time % Phy DF OF 
 1 Nico Hischier            Kyle Palmieri            Jason Zucker             60     1   2  2  
 2 Nicklas Backstrom        Ryan Donato              Taylor Raddysh           40     1   2  2  

PowerPlay Defense
   Defense                  Defense                                           Time % Phy DF OF 
 1 Brenden Dillon           Devon Toews                                       60     1   2  2  
 2 Artem Zub                Nicolas Hague                                     40     1   2  2  

Penalty Kill 4 Players Forward 
   Center                   Wing                     Time % Phy DF OF 
 1 Nico Hischier            Nicklas Backstrom        60     1   2  2  
 2 Kyle Palmieri            Jason Zucker             40     1   2  2  

Penalty Kill 4 Players Defense
   Defense                  Defense                  Time % Phy DF OF 
 1 Brenden Dillon           Devon Toews              60     1   2  2  
 2 Artem Zub                Nicolas Hague            40     1   2  2  

Penalty Kill - 3 Players Forward 
   Forward                                           Time % Phy DF OF 
 1 Nico Hischier                                     60     1   2  2  
 2 Nicklas Backstrom                                 40     1   2  2  

Penalty Kill - 3 Players Defense
   Defense                  Defense                  Time % Phy DF OF 
 1 Brenden Dillon           Devon Toews              60     1   2  2  
 2 Artem Zub                Nicolas Hague            40     1   2  2  

4 vs 4 Forward 
   Center                   Wing                     Time % Phy DF OF 
 1 Nico Hischier            Nicklas Backstrom        60     1   2  2  
 2 Kyle Palmieri            Jason Zucker             40     1   2  2  

4 vs 4 Defense
   Defense                  Defense                  Time % Phy DF OF 
 1 Brenden Dillon           Devon Toews              60     1   2  2  
 2 Artem Zub                Nicolas Hague            40     1   2  2  

Last Minutes Offensive
   Center                   Left Wing                Right Wing               Defense                  Defense                  
   Nico Hischier            Kyle Palmieri            Jason Zucker             Brenden Dillon           Devon Toews              

Last Minutes Defensive
   Center                   Left Wing                Right Wing               Defense                  Defense                  
   Nico Hischier            Kyle Palmieri            Jason Zucker             Brenden Dillon           Devon Toews              

Goaltenders
Starting : Jordan Binnington        
Backup : Martin Jones             

Extra Forwards
Normal : Ryan Donato, Austin Watson, Denis Malgin - PP : Ryan Donato, Austin Watson - PK : Denis Malgin
Extra Defensemen
Normal : Juuso Valimaki, Logan Stanley, Jakub Zboril - PP : Juuso Valimaki - PK : Logan Stanley, Jakub Zboril
Penalty Shots
Nico Hischier, Nicklas Backstrom, Kyle Palmieri, Jason Zucker, Taylor Raddysh
Custom OT Lines Forwards
Nico Hischier, Nicklas Backstrom, Kyle Palmieri, Jason Zucker, Taylor Raddysh, Quinton Byfield, Ryan Donato, Austin Watson, Denis Malgin, Cory Conacher
Custom OT Lines Defensemen
Brenden Dillon, Devon Toews, Artem Zub, Nicolas Hague, Juuso Valimaki

Scratches
Kevin Labanc (Separated Right Shoulder Injury), Brendan Lemieux (Healthy), Petr Mrazek (Healthy)

% Time on Ice - Senators

Lines # - Real PCT - Wanted PCT - Time Play
Normal Forward
1 - 17% - 25% - 7:05
2 - 32% - 25% - 13:07
3 - 31% - 25% - 12:41
4 - 21% - 25% - 8:36
Normal Defense
1 - 18% - 25% - 7:23
2 - 35% - 25% - 14:28
3 - 28% - 25% - 11:49
4 - 19% - 25% - 7:49
PP Forward
1 - 52% - 60% - 4:35
2 - 48% - 40% - 4:16
PP Defense
1 - 60% - 60% - 5:16
2 - 40% - 40% - 3:35
PK Forward
1 - 72% - 60% - 6:24
2 - 28% - 40% - 2:29
PK Defense
1 - 53% - 60% - 4:42
2 - 47% - 40% - 4:11
PK3 Forward
1 - 100% - 60% - 0:47
2 - 0% - 40% - 0:00
PK3 Defense
1 - 34% - 60% - 0:16
2 - 66% - 40% - 0:31
44 Forward
1 - 0% - 60%
2 - 0% - 40%
44 Defense
1 - 0% - 60%
2 - 0% - 40%
Last Minute Offensive  - 0:00
Last Minute Defensive  - 0:00
Total
Forward - 60:00
Defense - 60:00

% Time on Ice - Penguins

Lines # - Real PCT - Wanted PCT - Time Play
Normal Forward
1 - 18% - 25% - 7:24
2 - 31% - 25% - 12:54
3 - 32% - 25% - 13:08
4 - 19% - 25% - 8:03
Normal Defense
1 - 22% - 25% - 9:07
2 - 29% - 25% - 12:14
3 - 31% - 25% - 12:45
4 - 18% - 25% - 7:23
PP Forward
1 - 60% - 60% - 5:49
2 - 40% - 40% - 3:51
PP Defense
1 - 58% - 60% - 5:38
2 - 42% - 40% - 4:02
PK Forward
1 - 73% - 60% - 6:26
2 - 27% - 40% - 2:25
PK Defense
1 - 56% - 60% - 4:57
2 - 44% - 40% - 3:54
PK3 Forward
1 - 0% - 60%
2 - 0% - 40%
PK3 Defense
1 - 0% - 60%
2 - 0% - 40%
44 Forward
1 - 0% - 60%
2 - 0% - 40%
44 Defense
1 - 0% - 60%
2 - 0% - 40%
Last Minute Offensive  - 0:00
Last Minute Defensive  - 0:00
Total
Forward - 60:00
Defense - 60:00

Play-by-Play

1st period


0:01 of 1st period - Nico Hischier wins face-off versus Michael McCarron in neutral zone.
1:20 of 1st period - Calle Jarnkrok is hit by Artem Zub and loses puck.
1:24 of 1st period - Minor Penalty to Artem Zub for Boarding.
1:25 of 1st period - Nico Hischier wins face-off versus Corey Perry in Penguins zone.
1:59 of 1st period - Shot by Kyle Palmieri.
1:59 of 1st period - Shot Misses the Net.
2:01 of 1st period - Shot by Kyle Palmieri.
2:01 of 1st period - Stopped by Mitchell Weeks without a rebound.
2:02 of 1st period - Graeme Clarke wins face-off versus Nico Hischier in Senators zone.
2:02 of 1st period - Graeme Clarke is hit by Nicklas Backstrom.
2:53 of 1st period - Shot by Marc Staal.
2:53 of 1st period - Shot Misses the Net.
3:40 of 1st period - Shot by Denis Malgin.
3:40 of 1st period - Shot Misses the Net.
3:42 of 1st period - Shot by Artem Zub.
3:42 of 1st period - Shot Misses the Net.
3:47 of 1st period - Shot by Austin Watson.
3:47 of 1st period - Shot Blocked by Will Butcher.
4:27 of 1st period - Shot by Zach Whitecloud.
4:27 of 1st period - Shot Misses the Net.
4:56 of 1st period - Shot by Jason Zucker.
4:56 of 1st period - Shot Misses the Net.
5:03 of 1st period - Minor Penalty to Taylor Raddysh for Interference.
5:04 of 1st period - Nico Hischier wins face-off versus Corey Perry in Penguins zone.
5:04 of 1st period - Nico Hischier is hit by Brady Tkachuk.
5:11 of 1st period - Icing by Will Butcher.
5:12 of 1st period - Nico Hischier wins face-off versus Corey Perry in Senators zone.
5:12 of 1st period - Nico Hischier is hit by Will Butcher.
5:57 of 1st period - Phil Kessel is hit by Brenden Dillon and loses puck.
6:04 of 1st period - Shot by Phil Kessel.
6:04 of 1st period - Goal by Phil Kessel - Senators : 1 - Penguins : 0.
6:05 of 1st period - Gerald Mayhew wins face-off versus Ryan Donato in neutral zone.
6:12 of 1st period - Shot by Evgeni Dadonov.
6:12 of 1st period - Deflect By Gerald Mayhew.
6:12 of 1st period - Shot Blocked by Logan Stanley.
6:15 of 1st period - Icing by Denis Malgin.
6:16 of 1st period - Graeme Clarke wins face-off versus Ryan Donato in Penguins zone.
6:23 of 1st period - Calle Jarnkrok is hit by Austin Watson and loses puck.
6:48 of 1st period - Shot by Ryan Donato.
6:48 of 1st period - Stopped by Mitchell Weeks without a rebound.
6:49 of 1st period - Brady Tkachuk wins face-off versus Cory Conacher in Senators zone.
6:49 of 1st period - Brady Tkachuk is hit by Cory Conacher.
7:05 of 1st period - Shot by Brady Tkachuk.
7:05 of 1st period - Shot Blocked by Nicolas Hague.
7:07 of 1st period - Shot by Ondrej Kase.
7:07 of 1st period - Stopped by Jordan Binnington without a rebound.
7:08 of 1st period - Nicklas Backstrom wins face-off versus Gerald Mayhew in Penguins zone.
7:17 of 1st period - Shot by Taylor Raddysh.
7:17 of 1st period - Shot Misses the Net.
7:30 of 1st period - Brenden Dillon is hit by Corey Perry and loses puck.
7:39 of 1st period - Shot by Evgeni Dadonov.
7:39 of 1st period - Shot Misses the Net.
7:41 of 1st period - Shot by Evgeni Dadonov.
7:41 of 1st period - Stopped by Jordan Binnington without a rebound.
7:42 of 1st period - Michael McCarron wins face-off versus Nico Hischier in Penguins zone.
7:42 of 1st period - Michael McCarron is hit by Logan Stanley.
7:49 of 1st period - Nico Hischier is hit by Zach Whitecloud.
7:57 of 1st period - Shot by Nico Hischier.
7:57 of 1st period - Stopped by Mitchell Weeks without a rebound.
7:58 of 1st period - Graeme Clarke wins face-off versus Ryan Donato in Senators zone.
8:13 of 1st period - Shot by Phil Kessel.
8:13 of 1st period - Shot Misses the Net.
9:01 of 1st period - Shot by Ondrej Kase.
9:01 of 1st period - Stopped by Jordan Binnington without a rebound.
9:02 of 1st period - Cory Conacher wins face-off versus Gerald Mayhew in Penguins zone.
9:10 of 1st period - Daniel Torgersson is hit by Zach Whitecloud.
9:15 of 1st period - Zach Whitecloud is hit by Brenden Dillon and loses puck.
9:25 of 1st period - Cory Conacher is hit by Zach Whitecloud and loses puck.
9:33 of 1st period - Minor Penalty to Riley Stillman for Holding.
9:34 of 1st period - Brady Tkachuk wins face-off versus Nico Hischier in Senators zone.
9:47 of 1st period - Shot by Kyle Palmieri.
9:47 of 1st period - Stopped by Mitchell Weeks without a rebound.
9:48 of 1st period - Brady Tkachuk wins face-off versus Nicklas Backstrom in Senators zone.
10:03 of 1st period - Shot by Nicklas Backstrom.
10:03 of 1st period - Stopped by Mitchell Weeks with a rebound.
10:05 of 1st period - Shot by Nicklas Backstrom.
10:05 of 1st period - Goal by Nicklas Backstrom - Senators : 1 - Penguins : 1.
10:06 of 1st period - Nico Hischier wins face-off versus Gerald Mayhew in neutral zone.
10:13 of 1st period - Erik Johnson is hit by Jason Zucker and loses puck.
10:30 of 1st period - Shot by Corey Perry.
10:30 of 1st period - Stopped by Jordan Binnington without a rebound.
10:31 of 1st period - Michael McCarron wins face-off versus Nicklas Backstrom in Penguins zone.
10:38 of 1st period - Shot by Brady Tkachuk.
10:38 of 1st period - Stopped by Jordan Binnington without a rebound.
10:39 of 1st period - Alex Barre-Boulet wins face-off versus Nicklas Backstrom in Penguins zone.
10:43 of 1st period - Brady Tkachuk is hit by Brenden Dillon and loses puck.
10:51 of 1st period - Icing by Quinton Byfield.
10:52 of 1st period - Nicklas Backstrom wins face-off versus Graeme Clarke in Penguins zone.
10:57 of 1st period - Erik Johnson is hit by Quinton Byfield and loses puck.
11:29 of 1st period - Shot by Phil Kessel.
11:29 of 1st period - Shot Misses the Net.
11:34 of 1st period - Minor Penalty to Brady Tkachuk for Hooking.
11:35 of 1st period - Nico Hischier wins face-off versus Evgeni Dadonov in Senators zone.
12:05 of 1st period - Shot by Nico Hischier.
12:05 of 1st period - Stopped by Mitchell Weeks without a rebound.
12:06 of 1st period - Nicklas Backstrom wins face-off versus Michael McCarron in Senators zone.
12:46 of 1st period - Minor Penalty to Calle Jarnkrok for Charging.
12:47 of 1st period - Nico Hischier wins face-off versus Evgeni Dadonov in Senators zone.
13:07 of 1st period - Shot by Nicolas Hague.
13:07 of 1st period - Shot Misses the Net.
13:32 of 1st period - Icing by Brenden Dillon.
13:33 of 1st period - Nicklas Backstrom wins face-off versus Evgeni Dadonov in Penguins zone.
13:40 of 1st period - Shot by Devon Toews.
13:40 of 1st period - Shot Misses the Net.
13:42 of 1st period - Shot by Brenden Dillon.
13:42 of 1st period - Shot Blocked by Zach Whitecloud.
13:44 of 1st period - Shot by Brenden Dillon.
13:44 of 1st period - Stopped by Mitchell Weeks without a rebound.
13:45 of 1st period - Nico Hischier wins face-off versus Evgeni Dadonov in Senators zone.
14:14 of 1st period - Shot by Jason Zucker.
14:14 of 1st period - Stopped by Mitchell Weeks without a rebound.
14:15 of 1st period - Evgeni Dadonov wins face-off versus Nicklas Backstrom in Senators zone.
14:55 of 1st period - Shot by Nico Hischier.
14:55 of 1st period - Stopped by Mitchell Weeks without a rebound.
14:56 of 1st period - Ryan Donato wins face-off versus Graeme Clarke in Senators zone.
15:04 of 1st period - Graeme Clarke is hit by Logan Stanley and loses puck.
15:32 of 1st period - Off-side.
15:33 of 1st period - Brady Tkachuk wins face-off versus Nico Hischier in neutral zone.
15:40 of 1st period - Shot by Brady Tkachuk.
15:40 of 1st period - Goal by Brady Tkachuk - Senators : 2 - Penguins : 1.
15:41 of 1st period - Michael McCarron wins face-off versus Cory Conacher in neutral zone.
16:02 of 1st period - Shot by Michael McCarron.
16:02 of 1st period - Shot Blocked by Brenden Dillon.
16:19 of 1st period - Shot by Nico Hischier.
16:19 of 1st period - Shot Misses the Net.
16:21 of 1st period - Shot by Nico Hischier.
16:21 of 1st period - Stopped by Mitchell Weeks without a rebound.
16:22 of 1st period - Gerald Mayhew wins face-off versus Nicklas Backstrom in Senators zone.
16:22 of 1st period - Gerald Mayhew is hit by Nicklas Backstrom.
16:25 of 1st period - Icing by Evgeni Dadonov.
16:26 of 1st period - Nicklas Backstrom wins face-off versus Gerald Mayhew in Senators zone.
16:27 of 1st period - Shot by Taylor Raddysh.
16:27 of 1st period - Stopped by Mitchell Weeks without a rebound.
16:28 of 1st period - Quinton Byfield wins face-off versus Gerald Mayhew in Senators zone.
16:33 of 1st period - Shot by Nicklas Backstrom.
16:33 of 1st period - Stopped by Mitchell Weeks without a rebound.
16:34 of 1st period - Brady Tkachuk wins face-off versus Nico Hischier in Senators zone.
16:34 of 1st period - Brady Tkachuk is hit by Jason Zucker.
16:37 of 1st period - Ondrej Kase is hit by Jason Zucker and loses puck.
17:05 of 1st period - Ondrej Kase is hit by Jakub Zboril and loses puck.
17:29 of 1st period - Icing by Erik Johnson.
17:30 of 1st period - Gerald Mayhew wins face-off versus Nicklas Backstrom in Senators zone.
18:09 of 1st period - Icing by Marc Staal.
18:10 of 1st period - Gerald Mayhew wins face-off versus Ryan Donato in Senators zone.
18:20 of 1st period - Erik Johnson is hit by Austin Watson.
18:25 of 1st period - Ryan Donato is hit by Marc Staal and loses puck.
18:26 of 1st period - Minor Penalty to Marc Staal for Boarding.
18:27 of 1st period - Nico Hischier wins face-off versus Brady Tkachuk in Senators zone.
18:28 of 1st period - Shot by Kyle Palmieri.
18:28 of 1st period - Deflect By Nico Hischier.
18:28 of 1st period - Stopped by Mitchell Weeks without a rebound.
18:29 of 1st period - Brady Tkachuk wins face-off versus Nico Hischier in Senators zone.
18:29 of 1st period - Brady Tkachuk is hit by Jason Zucker.
18:36 of 1st period - Icing by Nico Hischier.
18:37 of 1st period - Brady Tkachuk wins face-off versus Nico Hischier in Penguins zone.
18:39 of 1st period - Jason Robertson is hit by Devon Toews and loses puck.
19:55 of 1st period - Jason Robertson is hit by Nicklas Backstrom and loses puck.
Goals for this period are 2 for Senators vs 1 for Penguins.
Shots for this period are 7 for Senators vs 14 for Penguins.

2nd period


0:01 of 2nd period - Nico Hischier wins face-off versus Brady Tkachuk in neutral zone.
0:26 of 2nd period - Shot by Nico Hischier.
0:26 of 2nd period - Shot Misses the Net.
1:22 of 2nd period - Icing by Nicolas Hague.
1:23 of 2nd period - Michael McCarron wins face-off versus Ryan Donato in Penguins zone.
1:28 of 2nd period - Shot by Jason Robertson.
1:28 of 2nd period - Stopped by Jordan Binnington without a rebound.
1:29 of 2nd period - Cory Conacher wins face-off versus Michael McCarron in Penguins zone.
2:08 of 2nd period - Shot by Nico Hischier.
2:08 of 2nd period - Shot Blocked by Marc Staal.
2:34 of 2nd period - Austin Watson is hit by Evgeni Dadonov and loses puck.
2:44 of 2nd period - Icing by Nicolas Hague.
2:45 of 2nd period - Graeme Clarke wins face-off versus Ryan Donato in Penguins zone.
2:57 of 2nd period - Ryan Donato is hit by Graeme Clarke and loses puck.
3:16 of 2nd period - Shot by Nicklas Backstrom.
3:16 of 2nd period - Stopped by Mitchell Weeks without a rebound.
3:17 of 2nd period - Nico Hischier wins face-off versus Corey Perry in Senators zone.
3:17 of 2nd period - Minor Penalty to Jamie Drysdale for Interference.
3:18 of 2nd period - Brady Tkachuk wins face-off versus Nico Hischier in Senators zone.
3:18 of 2nd period - Jason Robertson is hit by Jason Zucker.
3:53 of 2nd period - Shot by Kyle Palmieri.
3:53 of 2nd period - Shot Misses the Net.
5:19 of 2nd period - Icing by Will Butcher.
5:20 of 2nd period - Ryan Donato wins face-off versus Gerald Mayhew in Senators zone.
5:32 of 2nd period - Corey Perry is hit by Logan Stanley and loses puck.
5:45 of 2nd period - Shot by Gerald Mayhew.
5:45 of 2nd period - Shot Blocked by Austin Watson.
5:52 of 2nd period - Corey Perry is hit by Logan Stanley and loses puck.
6:22 of 2nd period - Shot by Brady Tkachuk.
6:22 of 2nd period - Stopped by Jordan Binnington without a rebound.
6:23 of 2nd period - Graeme Clarke wins face-off versus Nicklas Backstrom in Penguins zone.
6:24 of 2nd period - Shot by Calle Jarnkrok.
6:24 of 2nd period - Deflect By Phil Kessel.
6:24 of 2nd period - Shot Misses the Net.
6:26 of 2nd period - Shot by Riley Stillman.
6:26 of 2nd period - Shot Blocked by Nicolas Hague.
7:36 of 2nd period - Icing by Brenden Dillon.
7:37 of 2nd period - Gerald Mayhew wins face-off versus Nico Hischier in Penguins zone.
7:37 of 2nd period - Corey Perry is hit by Brenden Dillon and loses puck.
7:40 of 2nd period - Shot by Corey Perry.
7:40 of 2nd period - Stopped by Jordan Binnington without a rebound.
7:41 of 2nd period - Gerald Mayhew wins face-off versus Cory Conacher in Penguins zone.
7:51 of 2nd period - Icing by Daniel Torgersson.
7:52 of 2nd period - Daniel Torgersson wins face-off versus Michael McCarron in Penguins zone.
8:11 of 2nd period - Shot by Nico Hischier.
8:11 of 2nd period - Stopped by Mitchell Weeks with a rebound.
9:09 of 2nd period - Shot by Taylor Raddysh.
9:09 of 2nd period - Shot Blocked by Brady Tkachuk.
10:19 of 2nd period - Marc Staal is hit by Jason Zucker and loses puck.
10:26 of 2nd period - Shot by Kyle Palmieri.
10:26 of 2nd period - Stopped by Mitchell Weeks with a rebound.
10:28 of 2nd period - Shot by Jakub Zboril.
10:28 of 2nd period - Deflect By Jason Zucker.
10:28 of 2nd period - Shot Misses the Net.
10:44 of 2nd period - Marc Staal is hit by Nicklas Backstrom and loses puck.
11:17 of 2nd period - Shot by Cory Conacher.
11:17 of 2nd period - Stopped by Mitchell Weeks without a rebound.
11:18 of 2nd period - Graeme Clarke wins face-off versus Ryan Donato in Senators zone.
11:29 of 2nd period - Icing by Zach Whitecloud.
11:30 of 2nd period - Nico Hischier wins face-off versus Graeme Clarke in Senators zone.
11:39 of 2nd period - Shot by Jason Zucker.
11:39 of 2nd period - Shot Blocked by Riley Stillman.
11:50 of 2nd period - Icing by Riley Stillman.
11:51 of 2nd period - Austin Watson wins face-off versus Graeme Clarke in Senators zone.
11:52 of 2nd period - Shot by Ryan Donato.
11:52 of 2nd period - Deflect By Denis Malgin.
11:52 of 2nd period - Stopped by Mitchell Weeks without a rebound.
11:53 of 2nd period - Nicklas Backstrom wins face-off versus Graeme Clarke in Senators zone.
12:07 of 2nd period - Shot by Calle Jarnkrok.
12:07 of 2nd period - Shot Misses the Net.
12:09 of 2nd period - Shot by Phil Kessel.
12:09 of 2nd period - Shot Misses the Net.
12:11 of 2nd period - Shot by Calle Jarnkrok.
12:11 of 2nd period - Shot Misses the Net.
12:20 of 2nd period - Icing by Juuso Valimaki.
12:21 of 2nd period - Nicklas Backstrom wins face-off versus Gerald Mayhew in Penguins zone.
13:04 of 2nd period - Shot by Kyle Palmieri.
13:04 of 2nd period - Stopped by Mitchell Weeks without a rebound.
13:05 of 2nd period - Brady Tkachuk wins face-off versus Ryan Donato in Senators zone.
13:05 of 2nd period - Brady Tkachuk is hit by Austin Watson.
13:14 of 2nd period - Icing by Ondrej Kase.
13:15 of 2nd period - Brady Tkachuk wins face-off versus Cory Conacher in Senators zone.
13:23 of 2nd period - Off-side.
13:24 of 2nd period - Nico Hischier wins face-off versus Phil Kessel in neutral zone.
13:24 of 2nd period - Nico Hischier is hit by Phil Kessel.
14:00 of 2nd period - Icing by Riley Stillman.
14:01 of 2nd period - Graeme Clarke wins face-off versus Nicklas Backstrom in Senators zone.
14:01 of 2nd period - Graeme Clarke is hit by Quinton Byfield.
14:23 of 2nd period - Shot by Ondrej Kase.
14:23 of 2nd period - Stopped by Jordan Binnington without a rebound.
14:24 of 2nd period - Gerald Mayhew wins face-off versus Ryan Donato in Penguins zone.
14:37 of 2nd period - Shot by Ryan Donato.
14:37 of 2nd period - Stopped by Mitchell Weeks without a rebound.
14:38 of 2nd period - Cory Conacher wins face-off versus Brady Tkachuk in Senators zone.
14:43 of 2nd period - Shot by Nico Hischier.
14:43 of 2nd period - Shot Misses the Net.
15:02 of 2nd period - Shot by Marc Staal.
15:02 of 2nd period - Stopped by Jordan Binnington without a rebound.
15:03 of 2nd period - Gerald Mayhew wins face-off versus Nicklas Backstrom in Penguins zone.
15:03 of 2nd period - Gerald Mayhew is hit by Nicolas Hague.
15:10 of 2nd period - Icing by Nicolas Hague.
15:11 of 2nd period - Nicklas Backstrom wins face-off versus Graeme Clarke in Penguins zone.
15:11 of 2nd period - Nicklas Backstrom is hit by Calle Jarnkrok.
15:19 of 2nd period - Shot by Taylor Raddysh.
15:19 of 2nd period - Shot Misses the Net.
16:00 of 2nd period - Icing by Calle Jarnkrok.
16:01 of 2nd period - Nico Hischier wins face-off versus Graeme Clarke in Senators zone.
16:02 of 2nd period - Shot by Jason Zucker.
16:02 of 2nd period - Shot Misses the Net.
16:04 of 2nd period - Shot by Nico Hischier.
16:04 of 2nd period - Shot Blocked by Zach Whitecloud.
16:06 of 2nd period - Shot by Brenden Dillon.
16:06 of 2nd period - Shot Misses the Net.
16:08 of 2nd period - Shot by Nico Hischier.
16:08 of 2nd period - Shot Blocked by Zach Whitecloud.
16:10 of 2nd period - Shot by Brenden Dillon.
16:10 of 2nd period - Shot Misses the Net.
16:12 of 2nd period - Shot by Jason Zucker.
16:12 of 2nd period - Stopped by Mitchell Weeks without a rebound.
16:13 of 2nd period - Brady Tkachuk wins face-off versus Ryan Donato in Senators zone.
16:13 of 2nd period - Brady Tkachuk is hit by Austin Watson.
16:56 of 2nd period - Icing by Marc Staal.
16:57 of 2nd period - Brady Tkachuk wins face-off versus Cory Conacher in Senators zone.
16:57 of 2nd period - Minor Penalty to Cory Conacher for Elbowing.
16:58 of 2nd period - Nico Hischier wins face-off versus Corey Perry in Penguins zone.
17:09 of 2nd period - Shot by Jason Robertson.
17:09 of 2nd period - Shot Blocked by Artem Zub.
17:11 of 2nd period - Shot by Zach Whitecloud.
17:11 of 2nd period - Shot Misses the Net.
17:13 of 2nd period - Shot by Corey Perry.
17:13 of 2nd period - Stopped by Jordan Binnington without a rebound.
17:14 of 2nd period - Nico Hischier wins face-off versus Calle Jarnkrok in Penguins zone.
17:14 of 2nd period - Nico Hischier is hit by Graeme Clarke.
17:25 of 2nd period - Icing by Phil Kessel.
17:26 of 2nd period - Graeme Clarke wins face-off versus Nicklas Backstrom in Senators zone.
17:26 of 2nd period - Graeme Clarke is hit by Nicklas Backstrom.
17:35 of 2nd period - Marc Staal is hit by Brenden Dillon and loses puck.
17:48 of 2nd period - Shot by Calle Jarnkrok.
17:48 of 2nd period - Shot Blocked by Devon Toews.
18:09 of 2nd period - Off-side.
18:10 of 2nd period - Corey Perry wins face-off versus Kyle Palmieri in neutral zone.
18:30 of 2nd period - Shot by Brady Tkachuk.
18:30 of 2nd period - Goal by Brady Tkachuk - Senators : 3 - Penguins : 1.
18:31 of 2nd period - Brady Tkachuk wins face-off versus Ryan Donato in neutral zone.
18:33 of 2nd period - Minor Penalty to Logan Stanley for Tripping.
18:34 of 2nd period - Graeme Clarke wins face-off versus Nicklas Backstrom in Penguins zone.
18:35 of 2nd period - Shot by Marc Staal.
18:35 of 2nd period - Shot Misses the Net.
18:47 of 2nd period - Shot by Calle Jarnkrok.
18:47 of 2nd period - Stopped by Jordan Binnington without a rebound.
18:48 of 2nd period - Corey Perry wins face-off versus Nico Hischier in Penguins zone.
18:57 of 2nd period - Shot by Jason Robertson.
18:57 of 2nd period - Shot Misses the Net.
18:59 of 2nd period - Shot by Riley Stillman.
18:59 of 2nd period - Stopped by Jordan Binnington without a rebound.
19:00 of 2nd period - Nico Hischier wins face-off versus Graeme Clarke in Penguins zone.
19:06 of 2nd period - Erik Johnson is hit by Devon Toews and loses puck.
19:45 of 2nd period - Marc Staal is hit by Brenden Dillon and loses puck.
Goals for this period are 1 for Senators vs 0 for Penguins.
Shots for this period are 9 for Senators vs 8 for Penguins.

3rd period


0:01 of 3rd period - Nico Hischier wins face-off versus Corey Perry in neutral zone.
0:01 of 3rd period - Nico Hischier is hit by Brady Tkachuk.
0:07 of 3rd period - Shot by Nico Hischier.
0:07 of 3rd period - Deflect By Nicklas Backstrom.
0:07 of 3rd period - Stopped by Mitchell Weeks with a rebound.
0:20 of 3rd period - Shot by Corey Perry.
0:20 of 3rd period - Shot Misses the Net.
0:22 of 3rd period - Shot by Brady Tkachuk.
0:22 of 3rd period - Deflect By Jason Robertson.
0:22 of 3rd period - Stopped by Jordan Binnington without a rebound.
0:23 of 3rd period - Nico Hischier wins face-off versus Graeme Clarke in Penguins zone.
0:29 of 3rd period - Icing by Phil Kessel.
0:30 of 3rd period - Graeme Clarke wins face-off versus Nico Hischier in Senators zone.
0:53 of 3rd period - Shot by Ondrej Kase.
0:53 of 3rd period - Stopped by Jordan Binnington without a rebound.
0:54 of 3rd period - Gerald Mayhew wins face-off versus Cory Conacher in Penguins zone.
0:57 of 3rd period - Shot by Corey Perry.
0:57 of 3rd period - Stopped by Jordan Binnington without a rebound.
0:58 of 3rd period - Cory Conacher wins face-off versus Gerald Mayhew in Penguins zone.
0:58 of 3rd period - Devon Toews is hit by Evgeni Dadonov and loses puck.
1:13 of 3rd period - Off-side.
1:14 of 3rd period - Brady Tkachuk wins face-off versus Nicklas Backstrom in neutral zone.
1:18 of 3rd period - Icing by Juuso Valimaki.
1:19 of 3rd period - Michael McCarron wins face-off versus Nicklas Backstrom in Penguins zone.
1:52 of 3rd period - Shot by Quinton Byfield.
1:52 of 3rd period - Shot Misses the Net.
2:14 of 3rd period - Shot by Kyle Palmieri.
2:14 of 3rd period - Shot Misses the Net.
2:18 of 3rd period - Shot by Nico Hischier.
2:18 of 3rd period - Goal by Nico Hischier - Senators : 3 - Penguins : 2.
2:19 of 3rd period - Graeme Clarke wins face-off versus Ryan Donato in neutral zone.
2:35 of 3rd period - Calle Jarnkrok is hit by Artem Zub.
3:03 of 3rd period - Ryan Donato is hit by Zach Whitecloud.
4:22 of 3rd period - Ondrej Kase is hit by Brenden Dillon and loses puck.
5:08 of 3rd period - Icing by Logan Stanley.
5:09 of 3rd period - Nicklas Backstrom wins face-off versus Gerald Mayhew in Penguins zone.
5:37 of 3rd period - Shot by Evgeni Dadonov.
5:37 of 3rd period - Stopped by Jordan Binnington without a rebound.
5:38 of 3rd period - Graeme Clarke wins face-off versus Ryan Donato in Penguins zone.
5:38 of 3rd period - Graeme Clarke is hit by Artem Zub.
5:43 of 3rd period - Phil Kessel is hit by Artem Zub and loses puck.
5:59 of 3rd period - Shot by Denis Malgin.
5:59 of 3rd period - Shot Misses the Net.
6:01 of 3rd period - Shot by Austin Watson.
6:01 of 3rd period - Deflect By Denis Malgin.
6:01 of 3rd period - Shot Misses the Net.
6:09 of 3rd period - Shot by Artem Zub.
6:09 of 3rd period - Shot Blocked by Marc Staal.
6:11 of 3rd period - Shot by Denis Malgin.
6:11 of 3rd period - Shot Misses the Net.
6:16 of 3rd period - Ryan Donato is hit by Marc Staal and loses puck.
6:31 of 3rd period - Minor Penalty to Erik Johnson for Boarding.
6:32 of 3rd period - Brady Tkachuk wins face-off versus Nico Hischier in Senators zone.
6:55 of 3rd period - Shot by Jason Zucker.
6:55 of 3rd period - Shot Misses the Net.
6:57 of 3rd period - Shot by Nicolas Hague.
6:57 of 3rd period - Shot Misses the Net.
6:59 of 3rd period - Shot by Nicolas Hague.
6:59 of 3rd period - Stopped by Mitchell Weeks without a rebound.
7:00 of 3rd period - Brady Tkachuk wins face-off versus Nicklas Backstrom in Senators zone.
7:09 of 3rd period - Jason Robertson is hit by Taylor Raddysh and loses puck.
7:18 of 3rd period - Shot by Taylor Raddysh.
7:18 of 3rd period - Stopped by Mitchell Weeks with a rebound.
7:20 of 3rd period - Shot by Brenden Dillon.
7:20 of 3rd period - Shot Misses the Net.
7:22 of 3rd period - Shot by Devon Toews.
7:22 of 3rd period - Stopped by Mitchell Weeks without a rebound.
7:23 of 3rd period - Brady Tkachuk wins face-off versus Nico Hischier in Senators zone.
8:33 of 3rd period - Shot by Ryan Donato.
8:33 of 3rd period - Stopped by Mitchell Weeks without a rebound.
8:34 of 3rd period - Nicklas Backstrom wins face-off versus Corey Perry in Senators zone.
8:37 of 3rd period - Shot by Taylor Raddysh.
8:37 of 3rd period - Stopped by Mitchell Weeks without a rebound.
8:38 of 3rd period - Gerald Mayhew wins face-off versus Nicklas Backstrom in Senators zone.
9:28 of 3rd period - Icing by Riley Stillman.
9:29 of 3rd period - Nico Hischier wins face-off versus Evgeni Dadonov in Senators zone.
9:30 of 3rd period - Shot by Kyle Palmieri.
9:30 of 3rd period - Stopped by Mitchell Weeks with a rebound.
9:32 of 3rd period - Shot by Nico Hischier.
9:32 of 3rd period - Shot Misses the Net.
9:50 of 3rd period - Shot by Kyle Palmieri.
9:50 of 3rd period - Stopped by Mitchell Weeks without a rebound.
9:51 of 3rd period - Ryan Donato wins face-off versus Brady Tkachuk in Senators zone.
9:54 of 3rd period - Shot by Ryan Donato.
9:54 of 3rd period - Stopped by Mitchell Weeks without a rebound.
9:55 of 3rd period - Ondrej Kase wins face-off versus Ryan Donato in Senators zone.
9:55 of 3rd period - Brady Tkachuk is hit by Ryan Donato and loses puck.
10:37 of 3rd period - Minor Penalty to Austin Watson for Hooking.
10:38 of 3rd period - Phil Kessel wins face-off versus Nicklas Backstrom in Penguins zone.
10:55 of 3rd period - Shot by Graeme Clarke.
10:55 of 3rd period - Shot Misses the Net.
11:04 of 3rd period - Icing by Zach Whitecloud.
11:05 of 3rd period - Nico Hischier wins face-off versus Graeme Clarke in Senators zone.
11:40 of 3rd period - Shot by Jason Robertson.
11:40 of 3rd period - Shot Blocked by Devon Toews.
11:51 of 3rd period - Shot by Jason Zucker.
11:51 of 3rd period - Shot Misses the Net.
11:53 of 3rd period - Shot by Devon Toews.
11:53 of 3rd period - Shot Misses the Net.
11:55 of 3rd period - Shot by Devon Toews.
11:55 of 3rd period - Shot Misses the Net.
12:27 of 3rd period - Shot by Phil Kessel.
12:27 of 3rd period - Stopped by Jordan Binnington without a rebound.
12:28 of 3rd period - Graeme Clarke wins face-off versus Nico Hischier in Penguins zone.
12:35 of 3rd period - Shot by Riley Stillman.
12:35 of 3rd period - Shot Misses the Net.
12:38 of 3rd period - Icing by Devon Toews.
12:39 of 3rd period - Ryan Donato wins face-off versus Brady Tkachuk in Penguins zone.
12:41 of 3rd period - Icing by Juuso Valimaki.
12:42 of 3rd period - Ryan Donato wins face-off versus Gerald Mayhew in Penguins zone.
13:52 of 3rd period - Shot by Nicklas Backstrom.
13:52 of 3rd period - Stopped by Mitchell Weeks without a rebound.
13:53 of 3rd period - Kyle Palmieri wins face-off versus Michael McCarron in Senators zone.
13:58 of 3rd period - Shot by Jason Zucker.
13:58 of 3rd period - Shot Hit the Post.
14:08 of 3rd period - Shot by Jason Robertson.
14:08 of 3rd period - Stopped by Jordan Binnington with a rebound.
14:10 of 3rd period - Shot by Marc Staal.
14:10 of 3rd period - Shot Misses the Net.
14:12 of 3rd period - Shot by Michael McCarron.
14:12 of 3rd period - Shot Misses the Net.
14:14 of 3rd period - Shot by Jason Robertson.
14:14 of 3rd period - Stopped by Jordan Binnington without a rebound.
14:15 of 3rd period - Nicklas Backstrom wins face-off versus Graeme Clarke in Penguins zone.
14:15 of 3rd period - Brenden Dillon is hit by Graeme Clarke and loses puck.
15:18 of 3rd period - Brady Tkachuk is hit by Artem Zub.
15:30 of 3rd period - Shot by Nico Hischier.
15:30 of 3rd period - Stopped by Mitchell Weeks without a rebound.
15:31 of 3rd period - Ryan Donato wins face-off versus Jason Robertson in Senators zone.
15:40 of 3rd period - Shot by Ryan Donato.
15:40 of 3rd period - Shot Misses the Net.
15:46 of 3rd period - Shot by Brady Tkachuk.
15:46 of 3rd period - Stopped by Jordan Binnington without a rebound.
15:47 of 3rd period - Jason Zucker wins face-off versus Evgeni Dadonov in Penguins zone.
15:47 of 3rd period - Jason Zucker is hit by Corey Perry.
15:57 of 3rd period - Shot by Kyle Palmieri.
15:57 of 3rd period - Shot Misses the Net.
16:09 of 3rd period - Icing by Riley Stillman.
16:10 of 3rd period - Ryan Donato wins face-off versus Gerald Mayhew in Senators zone.
16:15 of 3rd period - Shot by Denis Malgin.
16:15 of 3rd period - Stopped by Mitchell Weeks without a rebound.
16:16 of 3rd period - Graeme Clarke wins face-off versus Quinton Byfield in Senators zone.
16:25 of 3rd period - Shot by Marc Staal.
16:25 of 3rd period - Goal by Marc Staal - Senators : 4 - Penguins : 2.
16:26 of 3rd period - Brady Tkachuk wins face-off versus Cory Conacher in neutral zone.
17:13 of 3rd period - Brady Tkachuk is hit by Brenden Dillon and loses puck.
17:55 of 3rd period - Shot by Phil Kessel.
17:55 of 3rd period - Stopped by Jordan Binnington without a rebound.
17:56 of 3rd period - Ryan Donato wins face-off versus Gerald Mayhew in Penguins zone.
17:56 of 3rd period - Ryan Donato is hit by Corey Perry.
18:03 of 3rd period - Off-side.
18:04 of 3rd period - Gerald Mayhew wins face-off versus Austin Watson in neutral zone.
18:15 of 3rd period - Shot by Corey Perry.
18:15 of 3rd period - Stopped by Jordan Binnington without a rebound.
18:16 of 3rd period - Nico Hischier wins face-off versus Graeme Clarke in Penguins zone.
18:25 of 3rd period - Calle Jarnkrok is hit by Kyle Palmieri and loses puck.
18:35 of 3rd period - Minor Penalty to Jason Zucker for Hooking.
18:36 of 3rd period - Nicklas Backstrom wins face-off versus Corey Perry in Penguins zone.
18:53 of 3rd period - Shot by Erik Johnson.
18:53 of 3rd period - Shot Blocked by Artem Zub.
18:55 of 3rd period - Shot by Erik Johnson.
18:55 of 3rd period - Goal by Erik Johnson - Senators : 5 - Penguins : 2.
18:56 of 3rd period - Graeme Clarke wins face-off versus Ryan Donato in neutral zone.
19:05 of 3rd period - Riley Stillman is hit by Austin Watson and loses puck.
19:31 of 3rd period - Ryan Donato is hit by Riley Stillman and loses puck.
Goals for this period are 2 for Senators vs 1 for Penguins.
Shots for this period are 12 for Senators vs 13 for Penguins.